 Dungeon Crawl Stone Soup version 0.30.2 (webtiles) character file.

Game seed: 1664710314839153353

154385 Xolotl the Black Belt (level 17, -5/125 HPs)
             Began as a Demonspawn Cinder Acolyte on Apr 21, 2024.
             Was a High Priest of Ignis.
             Slain by a harpy (15 damage)
             ... on level 4 of the Shoals on Apr 22, 2024.
             The game lasted 03:01:37 (34308 turns).

Xolotl the Black Belt (Demonspawn Cinder Acolyte)  Turns: 34308, Time: 03:01:38

Health: -5/125     AC:  8    Str: 16    XL:     17   Next: 6%
Magic:  24/24      EV: 22    Int: 15    God:    Ignis [*****.]
Gold:   3672       SH: 14    Dex: 22    Spells: 3/26 levels left

rFire   + .          .
                       - Unarmed
rCold   + . .        G - +2 buckler {reflect}
rNeg    . . .        P - +1 troll leather armour
rPois   +            (helmet unavailable)
rElec   +            (cloak unavailable)
rCorr   .            (gloves unavailable)
SInv    +            b - +2 pair of boots
Will    +....        x - amulet of reflection
Stlth   +++++        H - +6 ring of dexterity
HPRegen 1.20/turn    O - ring of Boalel {rElec rPois rC+}
MPRegen 0.19/turn

%: reflection
@: mighty, engulfed (cannot breathe), flying, mesmerised, hasted, very quick
A: antennae 3, claws 3, demonic magic 2, weakness stinger 3
a: Renounce Religion, Fiery Armour, Foxfire Swarm, Rising Flame


You were on level 4 of the Shoals.
You worshipped Ignis.
Ignis was extremely pleased with you.
You visited 6 branches of the dungeon, and saw 29 of its levels.
You also visited: Ice Cave.

You collected 4128 gold pieces.
You spent 456 gold pieces at shops.

Inventory:

Missiles
 h - an atropa-tipped dart
 m - 4 poisoned darts (quivered)
 Y - 11 curare-tipped darts
Armour
 b - a +2 pair of boots (worn)
 A - a +2 tower shield of cold resistance
 E - the +2 leather armour of Otuqeunn {rN+ Str+4 SInv}
   (You bought it in a shop on level 2 of the Orcish Mines)

   Str:       It affects your strength (+4).
   rN:        It protects you from negative energy.
   SInv:      It lets you see invisible.
 G - a +2 buckler of reflection (worn)
 P - a +1 troll leather armour (worn)
Magical Staves
 J - the staff of earth "Viujuax" {rCorr Str+5}
   (You found it on level 3 of the Lair of Beasts)

   [staff of earth]

   Base accuracy: +5 Base damage: 5 Base attack delay: 1.2 This weapon's minimum
   attack delay (0.6) is reached at skill level 12.
   Str:       It affects your strength (+5).
   rCorr:     It protects you from acid and corrosion.
   It falls into the 'Staves' category.
   It is a one-handed weapon.
Jewellery
 p - an amulet of the acrobat
 w - a ring of wizardry
 x - an amulet of reflection (around neck)
 H - a +6 ring of dexterity (left claw)
 M - a +6 ring of intelligence
 O - the ring of Boalel (right claw) {rElec rPois rC+}
   (You found it on level 11 of the Dungeon)

   [ring of poison resistance]

   rC:        It protects you from cold.
   rElec:     It insulates you from electricity.
   rPois:     It protects you from poison.
 R - a ring of willpower
 S - a ring of positive energy
Wands
 q - a wand of roots (2)
 r - a wand of paralysis (37)
 y - a wand of polymorph (13)
 F - a wand of flame (13)
 K - a wand of light (5)
 X - a wand of digging (4)
Scrolls
 f - 10 scrolls of teleportation
 g - 2 scrolls of poison
 k - 2 scrolls of blinking
 l - 3 scrolls of summoning
 n - a scroll of fear
 t - a scroll of magic mapping
 u - 5 scrolls of amnesia
 B - a scroll of fog
 C - 5 scrolls of immolation
 L - a scroll of torment
 N - 2 scrolls of silence
Potions
 a - 5 potions of brilliance
 c - 5 potions of haste
 d - 5 potions of lignification
 e - 4 potions of magic
 i - 4 potions of might
 j - 2 potions of mutation
 o - 3 potions of flight
 s - a potion of cancellation
 v - 4 potions of ambrosia
 D - a potion of heal wounds
 I - 13 potions of curing
 Q - a potion of resistance
 T - a potion of berserk rage
 W - 3 potions of attraction
Miscellaneous
 z - a phial of floods
 U - a condenser vane (inert)
 V - a lightning rod (3/4)
 Z - a phantom mirror (inert)


   Skills:
 - Level 9.0 Fighting
 - Level 14.0 Dodging
 - Level 10.0 Stealth
 + Level 7.6 Shields
 - Level 17.0 Unarmed Combat
 - Level 5.0 Spellcasting
 + Level 13.0 Transmutations
 - Level 3.0 Fire Magic
 + Level 8.0 Earth Magic
 - Level 13.0 Evocations


You had 3 spell levels left.
You knew the following spells:

 Your Spells              Type           Power      Damage    Failure   Level
a - Scorch                Fire           24%        2d6       11%         2
b - Blink                 Tloc           6%         N/A       36%         2
c - Blade Hands           Tmut           21%        N/A       3%          5
d - Statue Form           Tmut/Erth      23%        N/A       45%         6
f - Dragon Form           Tmut           21%        N/A       67%         7
g - Apportation           Tloc           6%         N/A       24%         1

Your spell library contained the following spells:

 Spells                   Type           Power      Damage    Failure   Level
 Kiss of Death            Conj/Necr      12%        2d6       24%         1
 Necrotise                Necr           12%        1d4       24%         1
 Summon Small Mammal      Summ           12%        N/A       24%         1
 Lesser Beckoning         Tloc           6%         N/A       36%         2
 Momentum Strike          Conj/Tloc      6%         3d8       36%         2
 Inner Flame              Hex/Fire       8%         N/A       36%         3
 Volatile Blastmotes      Fire/Tloc      16%        2d11      36%         3
 Call Canine Familiar     Summ           3%         N/A       58%         3
 Confusing Touch          Hex            3%         N/A       58%         3
 Dazzling Flash           Conj/Hex       6%         N/A       58%         3
 Ozocubu's Armour         Ice            3%         N/A       58%         3
 Portal Projectile        Hex/Tloc       6%         N/A       58%         3
 Tukima's Dance           Hex            3%         N/A       58%         3
 Vhi's Electric Charge    Tloc/Air       6%         N/A       58%         3
 Petrify                  Tmut/Erth      35%        N/A       3%          4
 Leda's Liquefaction      Hex/Erth       7%         N/A       43%         4
 Flame Wave               Conj/Fire      8%         2d5       78%         4
 Sticky Flame             Conj/Fire      8%         2d3       78%         4
 Cause Fear               Hex            1%         N/A       94%         4
 Dispel Undead            Necr           3%         3d7       94%         4
 Iskenderun's Mystic Bla  Conj/Tloc      3%         2d3       94%         4
 Arcjolt                  Conj/Air       1%         1d11      100%        5
 Metabolic Englaciation   Hex/Ice        1%         N/A       100%        5
 Simulacrum               Ice/Necr       1%         N/A       100%        6
 Starburst                Conj/Fire      4%         6d3       100%        6
 Malign Gateway           Summ/Tloc      1%         N/A       100%        7
 Ozocubu's Refrigeration  Ice            1%         4d7       100%        7
 Maxwell's Capacitive Co  Air            1%         ∞         100%        8
 Summon Horrible Things   Summ           1%         N/A       100%        8
 Dragon's Call            Summ           1%         N/A       100%        9
 Polar Vortex             Ice            1%         N/A       100%        9


Dungeon Overview and Level Annotations

Branches:
Dungeon (15/15)            Temple (1/1) D:4            Lair (5/5) D:9
 Shoals (4/4) Lair:2        Snake (2/4) Lair:3        Slime (0/5) Lair:5
    Orc (2/2) D:11            Elf (0/3) Orc:2        Vaults (0/5) D:14
 Depths (0/4) D:15          IceCv (visited)

Altars:
Okawaru
Sif Muna
Trog
Uskayaw
Xom
Lugonu

Shops:
D:7 (   D:14 *   Orc:2 [[((**   Snake:2 !

Portals:
Abyss: Lair:5

Annotations:
D:1 1 transporter
D:3 1 runed translucent door, BaconRulez's ghost, amateur HuFi
Lair:2 exclusion: 2 oklob plants
Lair:5 1 runed translucent door
Shoals:2 1 runed translucent door, dcgrp's ghost, journeyman MeEE
Snake:2 Mlioglotl


Innate Abilities, Weirdness & Mutations

You have a pair of large antennae on your head. (SInv)
You have claws for hands.
Spells you cast may paralyse nearby enemies.
You have a sharp stinger which inflicts weakening toxins.


Message History

The harpy barely misses you. The harpy closely misses you.
The merfolk impaler hits you from afar with a +4 trident of flaming!!
* * * LOW HITPOINT WARNING * * *
The merfolk impaler burns you.
* * * LOW HITPOINT WARNING * * *
The merfolk siren chants its luring song.
You feel much better.
* * * LOW HITPOINT WARNING * * *
Your lungs strain for air!
The harpy barely misses you. The harpy closely misses you.
The harpy completely misses you. You block the harpy's attack.
You block the water elemental's attack.
Aiming: Bolt of Light
Press: ? - help, Shift-Dir - straight line, f - manticore, p - merfolk impaler
Aim: a manticore (moderately wounded, very poisoned, 85% to hit)
The bolt of light hits the harpy!
The harpy is heavily wounded.
The harpy is blinded.
The bolt of light hits the manticore!!
The manticore is almost dead.
The manticore is blinded.
* * * LOW HITPOINT WARNING * * *
Your lungs strain for air!
The harpy closely misses you. You block the harpy's attack.
The merfolk siren chants its luring song.
You block the harpy's attack. x2; You block the water elemental's attack.
Aiming: Thunderbolt
Press: ? - help, Shift-Dir - straight line, f - water elemental, p - manticore
Aim: a water elemental (heavily damaged)
The thunderbolt hits the water elemental!
The water elemental resists.
The water elemental is severely damaged.
The thunderbolt hits the merfolk impaler!!
The merfolk impaler is heavily wounded.
* * * LOW HITPOINT WARNING * * *
Your lungs strain for air!
You hear an angry hiss.
You hear a shout! x2
The harpy claws you!
* * * LOW HITPOINT WARNING * * *
The harpy closely misses you. The harpy claws you!
You die...

~~~~~~~~~~~~~~**~~~~~**~~~~~~~~~~
~~~~~~~~~~~~~**~,,,,*~##~~~~~~~~~
~~~~~~~~~~~~~*~,,~~,,#≈#~~~~,,,,~
~~~~~~~~~~~~~*,,*~~~..≈#~,,,,,,,,
~~~~~~~~~~~~~#,,~##≈≈.~#,,,,,,,,,
~~~~≈≈≈≈≈~~~~#~~(≈#m≈.≈#,,,,,,,,,
~~~≈≈≈≈≈~~~~~#~#~~≈#~m≈#~,,,,,,**
~~≈≈≈≈≈~~~~...#H#E~~~~#*~,,,,,**∩
~≈≈≈≈≈≈~~~.....#@~~~~#*~~,,,***,,
≈≈≈≈≈≈~~~......H######~~~~,,,⌠,,,
≈≈≈≈≈≈~~~...(.....~~~~~~~~~,*****
~~~~~~~~~..........~,~~~~~~~~,~~~
~~~~~~~~~..........~,,,~~~~~~~~~~
~~~~~~~~~..........~~,,,,~~~~~~~*
~~~~~~~~~.######...~,,,,,,~~~~~**
~~~~~~~~†##~,,,,*,~~,,,,,,,,~~**~
~~~~~~††##~,,,,*,*,,,,,,,,,,,~*~,


You could see a merfolk impaler (blind), a water elemental, a merfolk siren
(mesmerising) and 2 harpies.

Vanquished Creatures
  An azure jelly (IceCv)
  A fire giant (D:14)
  2 quicksilver oozes (IceCv)
  2 merfolk impalers
  An entropy weaver (shapeshifter) (D:14)
  7 hydras
  19 two-headed ogres
  3 catoblepae
  4 ogre magi (Orc:2)
  5 centaur warriors
  5 anacondas
  2 merfolk aquamancers
  4 boulder beetles
  3 tengu warriors
  4 naga warriors
  A death yak (Lair:1)
  3 thrashing horrors (Lair:5)
  4 shock serpents (Snake:2)
  5 skysharks
  A soul eater (D:14)
  A fire crab (shapeshifter) (D:14)
  5 skeletal warriors (D:13)
  5 sea snakes
  A necromancer (Lair:3)
  2 naga ritualists
  A wizard (D:14)
  Pikel (D:8)
  11 harpies
  2 deep elf pyromancers
  7 mana vipers
  13 manticores
  2 orc sorcerers (Orc:2)
  5 salamanders
  30 ugly things
  5 cyclopes
  11 fauns
  15 black mambas
  10 merfolk sirens
  A moth of wrath (Lair:3)
  An ice statue (IceCv)
  Maurice (D:9)
  7 elephants
  A water nymph (Shoals:4)
  2 rust devils (D:14)
  A torpor snail (Lair:5)
  4 smoke demons
  2 gargoyles
  8 cane toads
  7 naga magi
  2 unseen horrors
  8 komodo dragons
  A kobold demonologist (D:9)
  2 rime drakes
  An efreet (D:14)
  2 tengu conjurers
  2 ancient zymes (Lair:5)
  2 red devils (D:14)
  A wind drake (shapeshifter) (Lair:5)
  A queen bee (Lair:2)
  4 polar bears
  8 trolls
  2 large abominations (Lair:5)
  8 merfolk
  2 wind drakes
  Grinder (D:6)
  28 blink frogs
  5 snapping turtles
  19 slime creatures
  3 shadows
  21 yaks
  6 water elementals
  3 ynoxinuls
  6 wraiths
  A yak (shapeshifter) (D:14)
  5 basilisks
  2 wyverns
  A vampire (D:14)
  A chaos spawn (Lair:5)
  2 death yak simulacra (Lair:4)
  4 steam dragons
  11 vampire mosquitoes
  4 wargs
  14 nagas
  9 water moccasins
  A two-headed ogre zombie (D:11)
  Duvessa (D:6)
  A floating eye (Orc:1)
  10 orc warriors
  5 great orb of eyes simulacra (IceCv)
  4 black bears
  4 boggarts (D:15)
  An ice beast (D:6)
  29 ogres
  20 wolves
  2 lemures (D:7)
  8 centaurs
  2 phantoms
  3 slime creature simulacra (IceCv)
  3 kobold brigands
  10 small abominations (Lair:5)
  6 bullfrogs
  4 scorpions
  2 glowing shapeshifter simulacra (IceCv)
  A cane toad simulacrum (Lair:4)
  Dowan (D:6)
  2 troll zombies (D:11)
  An elephant simulacrum (Lair:4)
  40 killer bees
  12 howler monkeys
  5 electric eels
  8 hounds
  18 orc priests
  21 orc wizards
  4 sleepcaps
  3 iguanas
  4 shapeshifter simulacra (IceCv)
  4 polar bear simulacra
  2 wolf simulacra (Lair:3)
  3 yak simulacra (Lair:3)
  5 ogre zombies (D:11)
  3 gnolls
  9 adders
  A river rat (Lair:2)
  A shadow imp (D:8)
  2 white imps (D:7)
  2 ufetubi
  5 worms
  2 dart slugs
  54 orcs
  4 bats
  10 endoplasms
  2 giant cockroaches
  5 goblins
  10 hobgoblins
  5 jackals
  20 kobolds
  3 quokkas
  5 ball pythons
  4 frilled lizards
  6 goblin zombies (D:11)
  A hobgoblin zombie (D:11)
  3 orc skeletons (D:11)
  15 orc zombies (D:11)
  8 rats
  3 river rat simulacra (Lair:3)
864 creatures vanquished.

Vanquished Creatures (collateral kills)
  A merfolk impaler (Shoals:3)
  2 merfolk (Shoals:3)
  A black bear (D:7)
4 creatures vanquished.

Vanquished Creatures (others)
  An orc (D:9)
  A kobold (D:7)
  4 starspawn tentacles (Snake:2)
6 creatures vanquished.

Grand Total: 874 creatures vanquished

Notes
Turn   | Place    | Note
-------+----------+-------------------------------------------
     0 | D:1      | Xolotl the Demonspawn Cinder Acolyte began the quest for
                  | the Orb.
     0 | D:1      | Reached XP level 1. HP: 18/18 MP: 2/2
   103 | D:1      | Reached skill level 3 in Unarmed Combat
   103 | D:1      | Discovered your monstrous ancestry.
   103 | D:1      | Gained mutation: You have a small tail. [demonic ancestry]
   103 | D:1      | Reached XP level 2. HP: 17/24 MP: 3/3
   229 | D:1      | Learned a level 2 spell: Scorch
  1221 | D:1      | Reached XP level 3. HP: 29/29 MP: 1/4
  1511 | D:2      | Reached skill level 1 in Dodging
  1511 | D:2      | Reached skill level 4 in Unarmed Combat
  1679 | D:2      | Gained mutation: You have a tail ending in a sharp stinger.
                  | [demonic ancestry]
  1679 | D:2      | Reached XP level 4. HP: 35/35 MP: 5/5
  2652 | D:3      | Gained mutation: You have sharp fingernails. [demonic
                  | ancestry]
  2652 | D:3      | Reached XP level 5. HP: 41/41 MP: 3/6
  2818 | D:3      | Found a runed translucent door.
  2826 | D:3      | Noticed BaconRulez's ghost (amateur HuFi)
  3264 | D:3      | Found a faded altar of an unknown god.
  3759 | D:4      | Reached skill level 5 in Unarmed Combat
  3759 | D:4      | Gained mutation: Spells you cast may paralyse adjacent
                  | enemies. [demonic ancestry]
  3759 | D:4      | Reached XP level 6. HP: 32/47 MP: 7/7
  3972 | D:4      | Identified the +12 spear of Purpose {heavy, *Noise +Blink
                  | Str+3}
  4004 | D:4      | Found a staircase to the Ecumenical Temple.
  4010 | Temple   | Entered the Ecumenical Temple
  4781 | D:5      | Entered Level 5 of the Dungeon
  5043 | D:5      | Noticed a water moccasin
  5054 | D:5      | Killed a water moccasin
  5082 | D:5      | Gained mutation: You have very sharp fingernails. [demonic
                  | ancestry]
  5082 | D:5      | Reached XP level 7. HP: 27/52 MP: 4/8
  5197 | D:5      | Reached skill level 6 in Unarmed Combat
  5778 | D:5      | Reached skill level 5 in Dodging
  6246 | D:5      | Reached XP level 8. HP: 54/58 MP: 9/9
  6291 | D:6      | Reached skill level 1 in Stealth
  6311 | D:6      | Reached skill level 7 in Unarmed Combat
  6700 | D:6      | Noticed Duvessa
  6700 | D:6      | Noticed Dowan
  6700 | D:6      | Noticed Grinder
  6705 | D:6      | SKIP
  6826 | D:7      | Found the +7 staff of the Meek {protect, meekguard}
  7014 | D:6      | Killed Duvessa
  7015 | D:6      | Reached skill level 8 in Unarmed Combat
  7141 | D:6      | Killed Dowan
  7324 | D:6      | Killed Grinder
  7325 | D:6      | Reached XP level 9. HP: 63/63 MP: 10/10
  7377 | D:6      | nvm
  7702 | D:7      | Found Lerep's Antique Weapon Shoppe.
  7712 | D:7      | Found a hide-covered altar of Uskayaw.
  7714 | D:7      | Found a bloodstained altar of Trog.
  7715 | D:7      | Found a shimmering blue altar of Sif Muna.
  7787 | D:7      | Found a shimmering altar of Xom.
  7795 | D:7      | Found an iron altar of Okawaru.
  8254 | D:8      | Noticed Pikel
  8397 | D:8      | Reached skill level 9 in Unarmed Combat
  9142 | D:8      | Killed Pikel
  9143 | D:8      | Reached skill level 5 in Stealth
  9272 | D:9      | Noticed Maurice
  9279 | D:9      | Killed Maurice
  9553 | D:9      | Gained mutation: Spells you cast may paralyse nearby
                  | enemies. [demonic ancestry]
  9553 | D:9      | Reached XP level 10. HP: 70/70 MP: 11/11
  9564 | D:9      | Reached skill level 10 in Unarmed Combat
 10200 | D:10     | Entered Level 10 of the Dungeon
 10200 | D:10     | Noticed a gargoyle
 10208 | D:10     | Killed a gargoyle
 10346 | D:10     | Reached skill level 1 in Evocations
 10828 | D:10     | Noticed a sun demon
 10832 | D:9      | Noticed a smoke demon
 10839 | D:9      | Noticed a sixfirhy
 10841 | D:9      | Reached skill level 10 in Dodging
 10958 | D:10     | Noticed a two-headed ogre
 10976 | D:10     | Killed a two-headed ogre
 10993 | D:10     | Reached skill level 11 in Unarmed Combat
 11421 | D:10     | Noticed a two-headed ogre
 11439 | D:10     | Killed a two-headed ogre
 11440 | D:10     | Gained mutation: You have claws for hands. [demonic
                  | ancestry]
 11440 | D:10     | Reached XP level 11. HP: 39/76 MP: 9/12
 12251 | D:10     | Identified 2 scrolls of acquirement
 12251 | D:10     | Acquired a manual of Evocations
 12253 | D:10     | Acquired a manual of Unarmed Combat
 12930 | D:11     | Found a staircase to the Orcish Mines.
 13055 | D:11     | Identified the +6 shortbow "Raisin" {heavy, rPois rCorr
                  | Str-4 SInv}
 13130 | D:11     | Reached skill level 12 in Unarmed Combat
 13280 | D:11     | Reached skill level 5 in Fighting
 13280 | D:11     | Reached skill level 5 in Evocations
 13850 | D:11     | Identified the ring of Boalel {rElec rPois rC+}
 13980 | D:11     | Noticed a cyan ugly thing
 13999 | D:11     | Killed a cyan ugly thing
 14152 | D:9      | Found a staircase to the Lair.
 14328 | D:11     | Noticed a cyan ugly thing
 14342 | D:11     | Killed a cyan ugly thing
 14403 | Orc:1    | Entered Level 1 of the Orcish Mines
 14472 | Orc:1    | Noticed an orc knight
 14479 | Orc:1    | an orc knight changed into a floating eye
 14483 | Orc:1    | Paralysed by a floating eye for 4 turns
 14525 | D:11     | Reached skill level 13 in Unarmed Combat
 14694 | Orc:2    | Entered Level 2 of the Orcish Mines
 14732 | Orc:1    | Reached XP level 12. HP: 69/86 MP: 13/13
 14807 | Orc:2    | Found a staircase to the Elven Halls.
 14817 | Orc:2    | Noticed a two-headed ogre
 14817 | Orc:2    | Noticed a two-headed ogre
 14817 | Orc:2    | Noticed a two-headed ogre
 14819 | Orc:2    | Noticed an ogre mage
 14819 | Orc:2    | Noticed an ogre mage
 14823 | Orc:2    | Killed a two-headed ogre
 14823 | Orc:2    | Killed a two-headed ogre
 14823 | Orc:2    | Killed an ogre mage
 14824 | Orc:2    | Noticed a two-headed ogre
 14825 | Orc:2    | Killed a two-headed ogre
 14826 | Orc:2    | Noticed a two-headed ogre
 14830 | Orc:2    | Killed a two-headed ogre
 14830 | Orc:2    | Killed an ogre mage
 14831 | Orc:2    | Reached skill level 14 in Unarmed Combat
 14837 | Orc:2    | Killed a two-headed ogre
 15170 | Orc:2    | Noticed a two-headed ogre
 15191 | Orc:2    | Noticed a two-headed ogre
 15192 | Orc:2    | Killed a two-headed ogre
 15205 | Orc:2    | Killed a two-headed ogre
 15258 | Orc:2    | Noticed a two-headed ogre
 15268 | Orc:2    | Killed a two-headed ogre
 15334 | Orc:2    | Noticed a two-headed ogre
 15344 | Orc:2    | Killed a two-headed ogre
 15365 | Orc:2    | Noticed a two-headed ogre
 15366 | Orc:2    | Noticed an ogre mage
 15385 | Orc:2    | Killed a two-headed ogre
 15386 | Orc:2    | Reached skill level 15 in Unarmed Combat
 15408 | Orc:2    | Noticed a two-headed ogre
 15416 | Orc:2    | Killed a two-headed ogre
 15490 | Orc:2    | Noticed a two-headed ogre
 15525 | Orc:1    | Killed a two-headed ogre
 15526 | Orc:1    | Gained mutation: You have a pair of small antennae on your
                  | head. [demonic ancestry]
 15526 | Orc:1    | Reached XP level 13. HP: 96/96 MP: 11/14
 15623 | Orc:2    | Found Gotean's General Store.
 15627 | Orc:2    | Found Batzuiti's Specific Store.
 15639 | Orc:2    | Learned a level 2 spell: Blink
 15669 | Orc:2    | Found Risira's Weapon Boutique.
 15669 | Orc:2    | Found Jaer's Weapon Shoppe.
 15670 | Orc:2    | Found Efeir's Antique Armour Shoppe.
 15670 | Orc:2    | Found Doojoqy's Armour Shop.
 15801 | Orc:2    | Found a bloodstained altar of Trog.
 16010 | Orc:2    | Bought a smoking leather armour for 196 gold pieces
 16010 | Orc:2    | Identified the +2 leather armour of Otuqeunn {rN+ Str+4
                  | SInv} (You bought it in a shop on level 2 of the Orcish
                  | Mines)
 16096 | Lair:1   | Entered Level 1 of the Lair of Beasts
 17010 | Lair:2   | Identified the +1 leather armour of Soft Rains {rC+ Int+7}
 17231 | Lair:2   | Reached skill level 16 in Unarmed Combat
 17374 | Lair:2   | Reached skill level 10 in Evocations
 17862 | Lair:2   | Found a staircase to the Shoals.
 18966 | Lair:3   | Identified the staff of earth "Viujuax" {rCorr Str+5}
 18983 | Lair:3   | Reached skill level 10 in Stealth
 19078 | Lair:3   | Found a staircase to the Snake Pit.
 19469 | Lair:3   | Noticed Urug
 19477 | Lair:3   | Urug changed into Urug the merfolk
 19477 | Lair:3   | Noticed Urug
 19478 | Lair:3   | Urug the merfolk changed into Urug the moth of wrath
 19478 | Lair:3   | Noticed Urug
 19488 | Lair:3   | Killed Urug the moth of wrath
 19725 | Lair:4   | Found a frozen archway.
 19750 | IceCv    | Entered an ice cave
 19765 | IceCv    | Noticed a quicksilver ooze
 19795 | IceCv    | Killed a quicksilver ooze
 20055 | IceCv    | Gained mutation: You have a pair of antennae on your head.
                  | [demonic ancestry]
 20055 | IceCv    | Reached XP level 14. HP: 106/106 MP: 15/15
 20105 | IceCv    | Noticed a quicksilver ooze
 20111 | IceCv    | Killed a quicksilver ooze
 20112 | IceCv    | Reached skill level 1 in Transmutations
 20117 | IceCv    | Found a viscous altar of Jiyva.
 20117 | IceCv    | Noticed an azure jelly
 20126 | IceCv    | Killed an azure jelly
 21146 | Lair:5   | Entered Level 5 of the Lair of Beasts
 21335 | Lair:5   | Found a runed translucent door.
 21338 | Lair:5   | Noticed an acid blob
 21342 | Lair:5   | Noticed an acid blob
 21346 | Lair:5   | Found a staircase to the Slime Pits.
 21817 | Lair:5   | Reached skill level 5 in Transmutations
 22425 | Lair:5   | Reached skill level 17 in Unarmed Combat
 22438 | Lair:5   | Learned a level 5 spell: Blade Hands
 22445 | Lair:5   | Learned a level 6 spell: Statue Form
 22835 | Lair:5   | Identified the staff of conjuration "Daehe" {rElec rPois
                  | Will+ Int+3}
 22887 | Lair:5   | Found a corrupted altar of Lugonu.
 22887 | Lair:5   | Found a one-way gate to the infinite horrors of the Abyss.
 23771 | D:12     | Gained mutation: You have a sharp stinger which inflicts
                  | weakening toxins. [demonic ancestry]
 23771 | D:12     | Reached XP level 15. HP: 113/113 MP: 19/19
 25555 | D:14     | Found Cygiuzuda's Assorted Antiques.
 25589 | D:14     | Reached skill level 5 in Spellcasting
 25814 | D:13     | Reached skill level 10 in Transmutations
 26080 | D:14     | Learned a level 1 spell: Apportation
 26088 | D:14     | Learned a level 7 spell: Dragon Form
 26381 | D:14     | Reached skill level 1 in Earth Magic
 26426 | D:14     | Found a gate to the Vaults.
 27033 | D:15     | Entered Level 15 of the Dungeon
 27204 | D:15     | Noticed a fire giant
 27269 | D:14     | Killed a fire giant
 27528 | D:14     | Reached skill level 5 in Earth Magic
 27619 | D:15     | Found a staircase to the Depths.
 27798 | D:15     | Identified the +3 robe "Cuiwobb Amall" {+Inv rElec rN+}
 28268 | Shoals:1 | Entered Level 1 of the Shoals
 28302 | Shoals:1 | Reached XP level 16. HP: 114/120 MP: 23/23
 28399 | Shoals:1 | You fall into a shaft and drop 1 floor!
 28484 | Shoals:2 | Reached skill level 1 in Shields
 28617 | Shoals:1 | Identified the +1 chain mail of Henamn {Harm rF+ Will-}
 28651 | Shoals:1 | Identified the staff of earth "Bejonk" {Str+2}
 29506 | Shoals:2 | Found a runed translucent door.
 29506 | Shoals:2 | Noticed dcgrp's ghost (journeyman MeEE)
 30002 | Shoals:2 | Reached skill level 5 in Shields
 30203 | Snake:1  | Entered Level 1 of the Snake Pit
 30695 | Snake:1  | Found a shimmering blue altar of Sif Muna.
 30917 | Snake:1  | You fall into a shaft and drop 1 floor!
 31016 | Snake:2  | Identified the +6 hand axe "Paywki" {elec, rF- Str+2 Dex+2}
 31614 | Snake:2  | Noticed Mlioglotl
 31619 | Snake:2  | Noticed a tentacled starspawn
 31619 | Snake:2  | Noticed a tentacled starspawn
 31815 | Snake:2  | Found Tinlojom's Distillery.
 31828 | Snake:2  | Bought 2 potions of curing for 78 gold pieces
 31828 | Snake:2  | Bought a potion of heal wounds for 65 gold pieces
 31828 | Snake:2  | Bought a potion of curing for 39 gold pieces
 31828 | Snake:2  | Bought a potion of curing for 39 gold pieces
 31828 | Snake:2  | Bought a potion of lignification for 39 gold pieces
 32084 | Snake:2  | Acquired 1363 gold pieces
 34184 | Shoals:4 | Entered Level 4 of the Shoals
 34202 | Shoals:4 | Gained mutation: You have a pair of large antennae on your
                  | head. (SInv) [demonic ancestry]
 34202 | Shoals:4 | Reached XP level 17. HP: 108/125 MP: 24/24
 34300 | Shoals:4 | HP: 1/125 [merfolk impaler/+4 trident of flaming (19)]
 34305 | Shoals:4 | HP: 4/125 [merfolk impaler/+4 trident of flaming (22)]
 34305 | Shoals:4 | HP: 1/125 [merfolk impaler/+4 trident of flaming (3)]
 34308 | Shoals:4 | Slain by a harpy

Illustrated notes ##....# ... .. .##....... .. .. .# ..#........#.# .#s## ..#........#.# ##e..# ...........#.# #..# ....#......#.# #.## ..#..#.....#.# #.# .###.#.....#.####.# ## ............@.# # #..###.#...## ## #..........# .# ####...#...# .# ##..#...# .# #.....## .######## #.....# ........###.....### .######............ Turn 6705 on D:6: SKIP

....#.# #..#.# ....#.#
#.##.# ....#.# #.##.#
....#.####.##.#
...........##.#
..###.#...###.###
..........# #...#
###...#...# ###.###
##..#...# #.@.# #.....##
#.......... ## #.....#
#>....h.... .###.....###
#......$... ............
...........
###........###........?.
#........# #..........
####...### #..........
....#


Turn 7377 on D:6: nvm

Levels and vault maps discovered:
D:1:      spicycebolla_arrival_risky_transporter, layout_loops_cross
D:2:      layout_rooms, grunt_ministairs_3
D:3:      layout_rooms, hellmonk_ecumenical_altar_prayer_group,
          ebering_ghost_sewer_d
D:4:      layout_basic, temple_green, minivault_23
D:5:      layout_loops_ring, elyvilon_altar_1, chequers_serial_rivers_large_a,
          minmay_manual_mess
D:6:      layout_rooms, uniq_grinder, uniq_duvessa
D:7:      layout_rooms, grunt_temple_overflow_open, serial_shops,
          nicolae_shop_tiny_real_fake_doors
D:8:      layout_layer_cave, minmay_misc_feat_more_columns, uniq_pikel
D:9:      layout_basic, erik_lair_island, grunt_ministairs_6, uniq_maurice
D:10:     minmay_octagon_keep, layout_cave_pools, kennysheep_generic_room_3
D:11:     layout_roguey, zombieorc2_lemuel
D:12:     layout_gridville, hangedman_abyss_or_decor_jellyfish_corner
D:13:     layout_basic
D:14:     layout_basic, david_vaults_1, serial_demonic, serial_demonic_e,
          serial_demonic_g, serial_demonic_b, serial_demonic_b, serial_shops,
          shop
D:15:     grunt_enter_depths_giant_problem, layout_rooms, serial_rivers,
          chequers_serial_rivers_room_b, chequers_serial_rivers_room_a,
          chequers_serial_rivers_marsh, chequers_serial_rivers_marsh
Temple:   nicolae_temple_superstar
Lair:1:   layout_cave_shapes, serial_bayou, serial_bayou_pond_b,
          serial_bayou_crossing, serial_bayou_lagoon_a, serial_bayou_lake_a,
          grunt_forest_large_clearings, infiniplex_staircase_pool_2
Lair:2:   regret_index_harrowing_hell_hive, layout_layer_cave,
          elwin_shoals_entry_stream
Lair:3:   layout_hall_layers, guppyfry_snake_entry_island,
          eino_house_with_fridge, uniq_urug
Lair:4:   layout_roguey, portal_ice_cave_entry_ice_simulacra
Lair:5:   hellmonk_lair_end_abyssal_woods, layout_cave_pods, slime_entry_2,
          lemuel_fruit_tree
Shoals:1: layout_shoals
Shoals:2: layout_shoals, hellmonk_ghost_happy_afterlife
Shoals:3: layout_shoals
Shoals:4: shoals_end_hangedman, layout_shoals, serial_shops, bzr_entry_road,
          nicolae_shoals_siren_and_animal_friends, uniq_polyphemus
Snake:1:  layout_gridlike, basic_altar, uniq_asterion
Snake:2:  layout_onion, serial_shops, nicolae_shop_just_a_little_nook,
          grunt_megastairs_1, uniq_mlioglotl
Orc:1:    layout_caves
Orc:2:    st_orc_ogre_mass, layout_caves, basic_altar, abandoned_shop,
          nicolae_specific_store, nicolae_orc_lava_room

Skill      XL: |  1  2  3  4  5  6  7  8  9 10 11 12 13 14 15 16 17 |
---------------+----------------------------------------------------+-----
Unarmed Combat | 3 4 5 6 8 9 11 13 15 16 17 | 17.0
Fire Magic     | 3 |  3.0
Dodging        | 1 2 3 4 5 7 9 10 11 12 14 | 14.0
Stealth        | 3 5 6 8 9 10 | 10.0
Evocations     | 3 6 8 11 13 | 13.0
Fighting       | 5 7 8 9 |  9.0
Transmutations | 7 11 13 | 13.0
Spellcasting   | 3 5 |  5.0
Earth Magic    | 5 7 8 |  8.0
Shields        | 7 |  7.6

Action                     |  1- 3 |  4- 6 |  7- 9 | 10-12 | 13-15 | 16-18 || total
---------------------------+-------+-------+-------+-------+-------+-------++-------
  Melee: Unarmed           |   105 |    77 |   331 |   632 |  1268 |   596 ||  3009
         Tailslap          |     5 |    10 |    44 |    88 |   252 |   117 ||   516
         Punch             |     2 |     6 |    24 |    49 |   169 |       ||   250
         Spear             |       |    18 |       |       |       |       ||    18
  Throw: Stone             |     7 |    21 |       |       |       |       ||    28
         Dart              |       |    31 |    63 |   139 |    21 |    98 ||   352
   Cast: Scorch            |    21 |    31 |     5 |    13 |    45 |    14 ||   129
         Blade Hands       |       |       |       |       |    18 |       ||    18
         Apportation       |       |       |       |       |       |     3 ||     3
  Evoke: Wand              |       |       |    13 |    20 |    33 |    12 ||    78
         Lightning rod     |       |       |       |       |       |     5 ||     5
         Phantom mirror    |       |       |       |       |       |     1 ||     1
         Condenser vane    |       |       |       |       |       |     1 ||     1
    Use: Scroll            |       |     8 |     4 |    16 |    12 |     7 ||    47
         Potion            |       |       |       |     1 |     2 |    13 ||    16
   Stab: Sleeping          |       |     1 |     1 |     4 |    39 |    14 ||    59
         Paralysed         |       |       |     7 |     8 |     2 |       ||    17
         Distracted        |       |       |     1 |       |     4 |     1 ||     6
         Invisible         |       |       |       |     3 |     5 |       ||     8
 Armour: Robe              |    23 |    18 |       |    10 |       |       ||    51
         Scale mail        |       |     7 |   120 |    92 |       |       ||   219
         Troll leather arm |       |       |       |    28 |   168 |    70 ||   266
  Dodge: Dodged            |    45 |    42 |   128 |   339 |   870 |   397 ||  1821
  Block: Other             |       |       |    26 |   103 |   203 |       ||   332
         Reflection        |       |       |     2 |     1 |    10 |    34 ||    47
         Buckler           |       |       |       |       |     3 |   374 ||   377
